 Dungeon Crawl Stone Soup version 0.29-a0-294-g83ea962da3 (webtiles) character file.

Game seed: 9715596591378411489

2136684 altcumming the Slayer (level 25, 178/178 HPs)
             Began as an Octopode Artificer on Mar 18, 2022.
             Was a High Priest of Ashenzari.
             Escaped with the Orb
             ... and 3 runes!
             The game lasted 01:13:43 (41423 turns).

altcumming the Slayer (Octopode Artificer)         Turns: 41423, Time: 01:13:44

Health: 178/178    AC:  5    Str: 10    XL:     25   Next: 23%
Magic:  44/44      EV: 52    Int: 27    God:    Ashenzari [*****.]
Gold:   3443       SH: 21    Dex: 34    Spells: 16/50 levels left

rFire   + . .      SeeInvis +     - Unarmed
rCold   + . .      Faith    .   W - +3 kite shield of Ashenzari's Sybil {Rampage rF+ rC-, Cun, Melee} (curse)
rNeg    . . .      Spirit   +   f - +2 hat of the Bear Spirit {Spirit, *Rage Will++, Melee, Alch} (curse)
rPois   .          Reflect  .   x - amulet "At What Cost Knowledge?" {Regen+, Fort, Self} (curse)
rElec   .          Harm     .   c - ring of the Sky {rC+, Range, Melee} (curse)
rCorr   .          Rampage  +   p - ring "Share My Repose" {rC+, Evo, Melee} (curse)
Will    +++++      Clarity  +   S - ring "Oscillating Fan" {EV+4, Comp, Bglg} (curse)
Stlth   ++........              E - ring of Ashenzari's Repose {Will+ Int+6, Elem, Comp} (curse)
HPRegen 1.19/turn               o - ring of Ashenzari's Failure {Dex+6, Bglg, Melee} (curse)
MPRegen 0.29/turn               B - ring "Paranoia of Ashenzari" {Int+6, Comp, Cun} (curse)
                                P - ring "Sibylline Visionary" {Dex+6, Comp, Alch} (curse)
                                v - ring "Ensconced Together" {EV+4, Bglg, Comp} (curse)

@: studying Spellcasting
A: almost no armour, amphibious, 8 rings, camouflage 1, gelatinous body 1,
(nimble swimmer 1), tentacles, tentacle spike 1, iridescent scales 1, frail 1,
high MP 1, strong-willed 1, weak 1, wild magic 1, MP-powered wands
0: Orb of Zot
}: 3/15 runes: decaying, silver, gossamer
a: Renounce Religion, Curse Item, Shatter the Chains


You escaped.
You worshipped Ashenzari.
Ashenzari was extremely pleased with you.
You visited 9 branches of the dungeon, and saw 46 of its levels.
You visited 1 bazaar.
You also visited: Sewer, Ice Cave and Wizlab.

You collected 5119 gold pieces.
You spent 1676 gold pieces at shops.

Inventory:

Missiles
 r - 4 throwing nets
 G - 5 curare-tipped darts
Armour
 f - the cursed +2 hat of the Bear Spirit (worn) {Spirit, *Rage Will++, Melee, Alch}
   (You found it on level 2 of the Dungeon)

   Going berserk makes the wearer tougher, and they're slowed less afterward.
   *Rage:     It berserks you when you make melee attacks (+20% chance).
   Will:      It greatly increases your willpower.
   It has a curse which improves the following skills: Melee Combat: Short
   Blades, Long Blades, Axes, Maces & Flails, Polearms, Staves and Unarmed
   Combat.
   Alchemy:   Poison Magic and Transmutations.
 D - a +0 tower shield
   (You took it off Louise on level 15 of the Dungeon)
 W - the cursed +3 kite shield of Ashenzari's Sybil (worn) {Rampage rF+ rC-, Cun, Melee}
   (You acquired it on level 3 of the Swamp)

   rF:        It protects you from fire.
   rC:        It makes you vulnerable to cold.
   Rampage:   It bestows one free step when moving towards enemies.
   It has a curse which improves the following skills: Cunning: Dodging and
   Stealth.
   Melee Combat: Short Blades, Long Blades, Axes, Maces & Flails, Polearms,
   Staves and Unarmed Combat.
Jewellery
 c - the cursed ring of the Sky (left tentacle) {rC+, Range, Melee}
   (You found it on level 1 of the Vaults)

   [ring of protection from cold]

   rC:        It protects you from cold.
   It has a curse which improves the following skills: Ranged Combat: Slings,
   Bows, Crossbows and Throwing.
   Melee Combat: Short Blades, Long Blades, Axes, Maces & Flails, Polearms,
   Staves and Unarmed Combat.
 m - the ring "Idyrghuph" {rF+ Int+3 SInv}
   (You found it in a wizard's laboratory)

   [ring of see invisible]

   Int:       It affects your intelligence (+3).
   rF:        It protects you from fire.
   SInv:      It lets you see invisible.
 o - the cursed ring of Ashenzari's Failure (on tentacle) {Dex+6, Bglg, Melee}
   (You found it on level 1 of the Vaults)

   [ring of dexterity]

   Dex:       It affects your dexterity (+6).
   It has a curse which improves the following skills: Beguiling: Conjurations,
   Hexes and Translocations.
   Melee Combat: Short Blades, Long Blades, Axes, Maces & Flails, Polearms,
   Staves and Unarmed Combat.
 p - the cursed ring "Share My Repose" (right tentacle) {rC+, Evo, Melee}
   (You found it on level 15 of the Dungeon)

   [ring of protection from cold]

   rC:        It protects you from cold.
   It has a curse which improves the following skills: Evocations: Evocations.
   Melee Combat: Short Blades, Long Blades, Axes, Maces & Flails, Polearms,
   Staves and Unarmed Combat.
 v - the cursed ring "Ensconced Together" (on tentacle) {EV+4, Bglg, Comp}
   (You bought it in a shop on level 2 of the Orcish Mines)

   [ring of evasion]

   EV:        It affects your evasion (+4).
   It has a curse which improves the following skills: Beguiling: Conjurations,
   Hexes and Translocations.
   Companions: Summonings and Necromancy.
 x - the cursed amulet "At What Cost Knowledge?" (around mantle) {Regen+, Fort, Self}
   (You found it on level 10 of the Dungeon)

   [amulet of regeneration]

   Regen:     It increases your rate of health regeneration.
   It has a curse which improves the following skills: Fortitude: Shields.
   Introspection: Fighting and Spellcasting.
 B - the cursed ring "Paranoia of Ashenzari" (on tentacle) {Int+6, Comp, Cun}
   (You found it on level 10 of the Dungeon)

   [ring of intelligence]

   Int:       It affects your intelligence (+6).
   It has a curse which improves the following skills: Companions: Summonings
   and Necromancy.
   Cunning:   Dodging and Stealth.
 E - the cursed ring of Ashenzari's Repose (on tentacle) {Will+ Int+6, Elem, Comp}
   (You found it on level 7 of the Dungeon)

   [ring of intelligence]

   Int:       It affects your intelligence (+6).
   Will:      It increases your willpower.
   It has a curse which improves the following skills: Elements: Fire Magic, Ice
   Magic, Air Magic and Earth Magic.
   Companions: Summonings and Necromancy.
 P - the cursed ring "Sibylline Visionary" (on tentacle) {Dex+6, Comp, Alch}
   (You found it on level 11 of the Dungeon)

   [ring of dexterity]

   Dex:       It affects your dexterity (+6).
   It has a curse which improves the following skills: Companions: Summonings
   and Necromancy.
   Alchemy:   Poison Magic and Transmutations.
 S - the cursed ring "Oscillating Fan" (on tentacle) {EV+4, Comp, Bglg}
   (You found it on level 1 of the Spider Nest)

   [ring of evasion]

   EV:        It affects your evasion (+4).
   It has a curse which improves the following skills: Companions: Summonings
   and Necromancy.
   Beguiling: Conjurations, Hexes and Translocations.
 V - a +6 ring of dexterity
   (You took it off a vault guard on level 5 of the Vaults)
Wands
 i - a wand of mindburst (7)
   (You found it on level 6 of the Lair of Beasts)
 j - a wand of digging (20)
   (You found it on level 7 of the Dungeon)
 y - a wand of acid (12)
   (You found it on level 6 of the Lair of Beasts)
 K - a wand of iceblast (24)
 U - a wand of paralysis (8)
   (You found it on level 3 of the Spider Nest)
 X - a wand of charming (24)
Scrolls
 g - 7 scrolls of immolation
 k - 3 scrolls of fog
 t - 9 scrolls of teleportation
 z - 7 scrolls of blinking
 A - 3 scrolls of magic mapping
 H - 11 scrolls of enchant armour
 I - 2 scrolls of holy word
 J - 3 scrolls of summoning
 L - 13 scrolls of fear
 N - 4 scrolls of vulnerability
Potions
 a - 10 potions of ambrosia
 d - 2 potions of might
 e - 2 potions of magic
 h - a potion of haste
 l - 5 potions of cancellation
 n - 3 potions of resistance
 q - 19 potions of curing
 w - 7 potions of heal wounds
 C - 14 potions of attraction
 M - a potion of invisibility
 O - 8 potions of brilliance
 R - 4 potions of mutation
 T - 5 potions of flight
Miscellaneous
 b - a box of beasts
   (You found it on level 5 of the Vaults)
 s - a phial of floods
   (You found it on level 3 of the Swamp)
 u - a condenser vane
   (You found it on level 9 of the Dungeon)
 Q - a phantom mirror
   (You found it on level 5 of the Vaults)


   Skills:
 + Level 21.3(23.3) Fighting
 - Level 20.7(23.8) Dodging
 - Level 1.3(3.4) Stealth
 - Level 14.8(17.0) Shields
 - Level 21.0(27) Unarmed Combat
 - Level 10.7(13.0) Spellcasting
 - Level 4.7(8.9) Conjurations
 - Level 5.6(10.0) Hexes
 - Level 3.9(9.4) Summonings
 - Level 13.6(17.0) Transmutations
 - Level 11.7(14.0) Earth Magic
 - Level 8.0(10.3) Evocations


You had 16 spell levels left.
You knew the following spells:

 Your Spells              Type           Power      Damage    Failure   Level
a - Blade Hands           Tmut           48%        N/A       1%          5
b - Statue Form           Tmut/Erth      62%        N/A       2%          6
c - Lee's Rapid Deconstr  Erth           44%        3d22*     1%          5
d - Summon Mana Viper     Hex/Summ       74%        N/A       4%          5
e - Dragon Form           Tmut           48%        N/A       7%          7
i - Irradiate             Conj/Tmut      42%        3d27      1%          5
q - Apportation           Tloc           54%        N/A       7%          1

Your spell library contained the following spells:

 Spells                   Type           Power      Damage    Failure   Level
 Magic Dart               Conj           100%       1d8       1%          1
 Summon Small Mammal      Summ           100%       N/A       1%          1
 Call Imp                 Summ           73%        N/A       1%          2
 Searing Ray              Conj           100%       2d8       1%          2
 Call Canine Familiar     Summ           73%        N/A       1%          3
 Summon Guardian Golem    Hex/Summ       74%        N/A       1%          3
 Tukima's Dance           Hex            75%        N/A       1%          3
 Leda's Liquefaction      Hex/Erth       41%        N/A       1%          4
 Petrify                  Tmut/Erth      93%        N/A       1%          4
 Fulminant Prism          Conj/Hex       36%        3d18      2%          4
 Portal Projectile        Hex/Tloc       100%       N/A       3%          3
 Ice Form                 Ice/Tmut       70%        N/A       3%          4
 Animate Skeleton         Necr           58%        N/A       5%          1
 Pain                     Necr           100%       1d9       5%          1
 Iskenderun's Battlesphe  Conj           72%        2d12      6%          5
 Mephitic Cloud           Conj/Pois/Air  45%        N/A       7%          3
 Freeze                   Ice            96%        1d11      8%          1
 Sublimation of Blood     Necr           29%        N/A       8%          2
 Anguish                  Hex/Necr       28%        N/A       9%          4
 Blink                    Tloc           54%        N/A       10%         2
 Summon Ice Beast         Ice/Summ       54%        N/A       11%         4
 Hailstorm                Conj/Ice       53%        3d12      12%         4
 Vampiric Draining        Necr           29%        2d8       14%         3
 Lesser Beckoning         Tloc           27%        N/A       17%         3
 Frozen Ramparts          Ice            48%        1d6       21%         3
 Silence                  Hex/Air        28%        N/A       24%         5
 Summon Cactus Giant      Summ           36%        N/A       24%         6
 Summon Forest            Summ/Tloc      27%        N/A       26%         5
 Fireball                 Conj/Fire      26%        3d12      30%         5
 Passage of Golubria      Tloc           27%        N/A       45%         4
 Freezing Cloud           Conj/Ice/Air   22%        6-21      45%         5
 Enfeeble                 Hex            37%        N/A       65%         7
 Excruciating Wounds      Necr           14%        N/A       75%         5
 Monstrous Menagerie      Summ           36%        N/A       75%         7
 Manifold Assault         Tloc           27%        N/A       80%         5
 Orb of Destruction       Conj           36%        9d11      80%         7
 Conjure Ball Lightning   Conj/Air       26%        3x3d7     82%         6
 Lehudib's Crystal Spear  Conj/Erth      40%        10d10     98%         8
 Simulacrum               Ice/Necr       13%        N/A       100%        6
 Polar Vortex             Ice            12%        N/A       100%        9


Dungeon Overview and Level Annotations

Branches:
Dungeon (15/15)            Temple (1/1) D:5            Lair (6/6) D:10
  Swamp (4/4) Lair:4       Spider (4/4) Lair:3        Slime (0/5) Lair:5
    Orc (2/2) D:11            Elf (0/3) Orc:2        Vaults (5/5) D:13
  Crypt (0/3) Vaults:2     Depths (4/4) D:15            Zot (5/5) Depths:4
  Sewer (visited)           IceCv (visited)          WizLab (visited)

Altars:
Ashenzari
Cheibriados
Dithmenos
Elyvilon
Fedhas
Gozag
Hepliaklqana
Kikubaaqudgha
Makhleb
Nemelex Xobeh
Okawaru
Qazlal
Ru
Sif Muna
Trog
Uskayaw
Vehumet
Wu Jian
Xom
Yredelemnul
Zin
The Shining One

Shops:
D:2 :[   D:6 :   D:7 (   D:10 *   Orc:2 =((?   Vaults:1 *:

Portals:
Hell: Depths:1 Depths:2 Depths:4
Pandemonium: Depths:2
Ziggurat: Depths:2

Annotations:
D:6 Maggie
D:9 3 runed translucent doors, BlueGoblin's ghost, novice SpMo
D:12 Nessos
D:13 3 runed translucent doors, Inuschiwk's ghost, journeyman TrBe
Lair:5 exclusion: 2 oklob plants
Swamp:3 3 runed translucent doors, Beozetre's ghost, adept DrFE; CrazyMind's ghost, adept DjGl; Mandevil's ghost, adept HuAM
Spider:1 1 runed translucent door
Depths:1 2 runed translucent doors
Depths:2 exclusion: 4 doors
Depths:4 6 runed translucent doors
Zot:5 3 runed translucent doors, Adaxemni's ghost, legendary GrFi


Innate Abilities, Weirdness & Mutations

You cannot wear most types of armour.
You are amphibious.
You can wear up to eight rings at the same time.
Your skin changes colour to match your surroundings (Stealth+).
Your rubbery body absorbs attacks. (AC +1, EV +1)
((You are camouflaged when in or above water. (Stealth+)))
You have tentacles for arms and can constrict up to eight enemies at once.
One of your tentacles bears a spike.
You are partially covered in iridescent scales. (AC +2)
You are frail. (-10% HP)
You have an increased reservoir of magic. (+10% MP)
You are strong-willed. (Will+)
You are weak. (Str -2)
Your spells are a little harder to cast, but a little more powerful.
You expend magic power (3 MP) to strengthen your wands.


Message History

The toenail golem is heavily damaged.
You thrash the toenail golem!!!
You destroy the toenail golem!
There is an open door, spattered with blood here.
No target in view!
There is a stone staircase leading up here.
You climb upwards.
There is a stone staircase leading down here.
You revert to your normal fleshy form.
(D) Dungeon (T) Temple (L) Lair (S) Swamp (N) Spider Nest (M) Slime Pits (O) Orcish Mines (E) Elven Halls (V) Vaults (C) Crypt (U) Depths (H) Hell (Z) Zot
Where to? (Enter - D:1 @ (x,y), ? - help) Magic restored.
There is a stone staircase leading up here.
You climb upwards.
Level annotation: 3 runed translucent doors, BlueGoblin's ghost, novice SpMo
There is a stone staircase leading down here.
Things that are here:
a +0 ring mail; the +7 staff of the Meek {protect, meekguard}
There is a stone staircase leading up here.
You climb upwards.
There is a stone staircase leading down here.
A chaos spawn comes into view.
The chaos spawn moves out of view.
There is an open door here.
There is an escape hatch in the ceiling here.
A mysterious force pulls you upwards. The hatch slams shut behind you.
(D) Dungeon (T) Temple (L) Lair (S) Swamp (N) Spider Nest (M) Slime Pits (O) Orcish Mines (E) Elven Halls (V) Vaults (C) Crypt (U) Depths (H) Hell (Z) Zot
Where to? (Enter - D:1 @ (x,y), ? - help)
There is an escape hatch in the ceiling here.
A mysterious force pulls you upwards. The hatch slams shut behind you.
Level annotation: Maggie
There is a stone staircase leading up here.
You climb upwards.
There is a stone staircase leading down here.
There is a stone staircase leading up here.
You climb upwards.
There is a stone staircase leading down here.
There is a stone staircase leading up here.
You climb upwards.
There is a stone staircase leading down here.
There is a stone staircase leading up here.
You climb upwards.
There is a stone staircase leading down here.
There is a large open door here.
There is a stone staircase leading up here.
You climb upwards.
There is a stone staircase leading down here.
You sense a monster nearby.
A great orb of eyes comes into view.
Casting: Statue Form (mildly dangerous; 2% risk of failure)
Confirm with . or Enter, or press ? or * to list all spells.
You miscast Statue Form.
You are very lightly contaminated with residual magic.
Nothing appears to happen.
The great orb of eyes gazes at you. You resist with almost no effort.
You bludgeon the great orb of eyes!
You pierce the great orb of eyes.
You tentacle-slap the great orb of eyes!
You squeeze the great orb of eyes.
The great orb of eyes is heavily wounded.
You tentacle-slap the great orb of eyes but do no damage.
You pierce the great orb of eyes.
Your tentacle-slap misses the great orb of eyes.
The great orb of eyes is heavily wounded.
The great orb of eyes completely misses you.
You bludgeon the great orb of eyes!
You pierce the great orb of eyes, but do no damage.
The great orb of eyes is severely wounded.
You tentacle-slap the great orb of eyes.
You pierce the great orb of eyes, but do no damage.
You squeeze the great orb of eyes, but do no damage.
The great orb of eyes is severely wounded.
You block the great orb of eyes's attack.
You tentacle-slap the great orb of eyes.
You pierce the great orb of eyes.
You tentacle-slap the great orb of eyes, but do no damage.
You squeeze the great orb of eyes.
The great orb of eyes is almost dead.
You tentacle-slap the great orb of eyes but do no damage.
You pierce the great orb of eyes, but do no damage.
You tentacle-slap the great orb of eyes!
You kill the great orb of eyes!
No target in view!
(D) Dungeon (T) Temple (L) Lair (S) Swamp (N) Spider Nest (M) Slime Pits (O) Orcish Mines (E) Elven Halls (V) Vaults (C) Crypt (U) Depths (H) Hell (Z) Zot
Where to? (Enter - D:1 @ (x,y), ? - help)
Your magical contamination has completely faded away.
Magic restored.
You see here a +0 leather armour.
There is a staircase leading out of the dungeon here.
Enter note: gg You have escaped!

♣♣♣♣ ♣♣♣♣♣♣♣♣♣♣♣♣♣♣♣
♣≈≈♣♣♣♣♣♣P♣.P♣♣♣♣♣♣♣
♣≈≈≈♣♣♣....♣..P...♣♣
≈≈≈♣♣♣.♣.♣♣♣♣♣..@..♣♣
≈♣♣♣♣♣♣.♣♣♣♣♣♣......♣
♣♣ ♣♣♣[♣♣♣♣♣♣.♣..♣♣♣
♣♣♣♣♣.♣♣♣♣♣♣..♣♣♣
♣♣♣♣♣♣♣♣♣.♣♣♣ ♣♣.♣♣
♣♣♣♣♣♣♣♣..♣♣♣ ♣..♣
♣♣♣♣♣♣..♣♣♣♣♣ ♣♣.♣
♣♣♣♣♣.♣♣♣♣♣♣♣ ♣.♣
.♣♣♣.♣♣♣♣♣♣♣ ♣♣♣.♣


There were no monsters in sight!

Vanquished Creatures
  2 orbs of fire (Zot:5)
  3 dread liches (Vaults:5)
  2 ancient liches
  Bai Suzhen (Spider:3)
  6 Killer Klowns (Zot:5)
  the Lernaean hydra (Swamp:4)
  2 curse toes
  5 golden dragons
  2 bone dragons (Depths:4)
  A Brimstone Fiend (Zot:1)
  2 electric golems
  Jorgrun (Orc:2)
  7 tentacled monstrosities
  3 Hell Sentinels (Depths:4)
  A hellephant (Depths:1)
  23 Orb Guardians
  5 liches
  Mlioglotl (Swamp:1)
  4 quicksilver dragons
  A moon troll (WizLab)
  6 titans (Vaults:5)
  A walking frostbound tome (Depths:2)
  6 sphinxes
  4 tentacled starspawn (WizLab)
  4 death cobs
  3 thorn hunters
  Kirke (D:15)
  2 draconian monks
  Roxanne (D:15)
  Agnes (Spider:3)
  8 shadow dragons
  8 tengu reavers
  2 azure jellies (IceCv)
  9 storm dragons
  A draconian knight (Zot:1)
  8 fire giants
  2 orc warlords
  2 draconian scorchers
  19 vault wardens
  7 frost giants
  2 balrugs (Depths:4)
  Louise (D:15)
  7 ghost moths
  A cacodemon (WizLab)
  3 draconian shifters
  5 emperor scorpions
  A quicksilver ooze (IceCv)
  2 spectral caustic shrikes (Depths:1)
  3 draconian stormcallers (Zot:3)
  A spriggan defender (Depths:4)
  4 draconian annihilators
  18 ironbound preservers
  9 ironbound thunderhulks
  30 stone giants
  4 war gargoyles
  16 very ugly things
  A deep elf annihilator (Vaults:2)
  8 green draconians
  3 bunyips
  9 black draconians
  2 eleionomae
  3 entropy weavers
  8 yellow draconians
  6 purple draconians
  Azrael (Spider:2)
  9 spark wasps
  6 dire elephants
  8 red draconians
  8 white draconians
  The ghost of Essalna the Eclecticist, a journeyman SpCj of Hepliaklqana (D:11)
  7 ettins
  3 green deaths
  7 fire dragons
  6 crystal guardians
  14 yaktaur captains
  A shambling mangrove (Swamp:2)
  3 deep elf high priests (Vaults:5)
  3 rakshasas
  2 hell beasts
  12 great orbs of eyes
  4 ice dragons
  19 hydras
  3 peacekeepers
  A spriggan air mage (Depths:1)
  Fannar (D:10)
  2 ogre magi (Orc:1)
  6 boulder beetles
  A catoblepas (Lair:2)
  3 radroaches
  27 vault guards
  10 two-headed ogres
  2 ghost crabs (Swamp:3)
  2 dancing weapons (D:13)
  12 centaur warriors
  13 ironbound frosthearts
  6 deep troll shamans
  An anaconda (shapeshifter) (Depths:4)
  5 deep troll earth magi
  3 hell hogs (D:13)
  A death scarab (Spider:2)
  6 death yaks (Lair:6)
  A tengu warrior (D:9)
  2 alligators
  6 spriggan berserkers
  8 hell knights
  A fire crab (Lair:6)
  3 sun demons (Depths:4)
  Nergalle (Lair:2)
  3 pharaoh ants
  A sun moth (Spider:4)
  3 iron trolls
  Amaemon (Lair:4)
  3 goliath frogs
  7 orb spiders
  10 glowing orange brains
  5 steelbarb worms
  8 bog bodies
  A shadow wraith (Vaults:5)
  5 spriggan druids
  8 wizards
  59 deep trolls
  16 starcursed masses (WizLab)
  6 swamp dragons
  A shadow dragon zombie (Vaults:3)
  4 phantasmal warriors (Vaults:5)
  A lindwurm (shapeshifter) (Vaults:5)
  21 ironbound convokers
  10 orc knights
  9 lindwurms
  5 necromancers
  14 wolf spiders
  3 deep elf pyromancers
  10 harpies
  30 ugly things
  3 will-o-the-wisps
  A stone giant zombie (Vaults:3)
  6 cyclopes
  2 orc sorcerers
  A salamander (shapeshifter) (Vaults:5)
  A cyclops (shapeshifter) (D:9)
  3 manticores
  9 black mambas
  15 moths of wrath
  3 molten gargoyles (Lair:6)
  5 eyes of devastation (WizLab)
  3 orange demons
  A toenail golem (D:11)
  2 ice statues (IceCv)
  A torpor snail (Spider:2)
  26 vault sentinels
  10 elephants
  4 gargoyles
  13 cane toads
  19 yaktaurs
  A tormentor (D:12)
  2 unseen horrors (D:11)
  13 komodo dragons
  4 rime drakes
  8 demonic crawlers
  A freezing wraith (Vaults:3)
  An entropy weaver simulacrum (IceCv)
  A merfolk (shapeshifter) (Vaults:5)
  3 meliai (D:14)
  4 polar bears
  11 trolls
  19 tarantellas
  72 slime creatures
  8 blink frogs
  9 tyrant leeches
  23 hornets
  4 large abominations
  A snapping turtle (shapeshifter) (Vaults:5)
  21 jumping spiders
  3 shadows (Swamp:4)
  15 culicivoras
  17 spriggans
  6 wyverns
  A wyvern (shapeshifter) (Vaults:5)
  3 wraiths
  A vampire (D:13)
  3 hogs (D:15)
  43 yaks
  3 water elementals
  4 fire elementals (Spider:2)
  6 basilisks
  Grum (D:11)
  31 redbacks
  4 steam dragons
  3 vampire mosquitoes (Swamp:3)
  4 neqoxecs
  5 wargs
  An acid dragon (D:9)
  10 swamp worms
  3 demonic crawler simulacra (IceCv)
  8 hell hounds
  15 water moccasins
  3 swamp drakes
  2 ice beasts
  18 orc warriors
  5 black bears
  5 ugly thing simulacra (IceCv)
  A sky beast (D:4)
  22 wolves
  21 ogres
  12 centaurs
  2 phantoms
  5 kobold brigands
  A human skeleton (Vaults:3)
  15 bullfrogs
  4 gnoll sergeants
  5 scorpions
  5 glowing shapeshifter simulacra
  5 wights (D:7)
  5 killer bees
  7 electric eels
  5 lava snakes (Lair:6)
  3 quasits (D:11)
  3 jellies
  11 orc priests
  A gnoll shaman (D:5)
  Ijyb (D:3)
  2 iguanas
  17 orc wizards
  Robin (D:4)
  23 gnolls
  6 adders
  2 shadow imps
  3 white imps
  A worm (D:6)
  2 dart slugs
  64 orcs
  7 ball pythons
  5 bats
  13 endoplasms
  13 giant cockroaches
  11 goblins
  14 hobgoblins
  10 quokkas
  13 frilled lizards
  22 kobolds
  9 rats
  3 starspawn tentacles (WizLab)
1732 creatures vanquished.

Vanquished Creatures (collateral kills)
  A shadow dragon (Zot:5)
  4 slime creatures (IceCv)
5 creatures vanquished.

Vanquished Creatures (others)
  A draconian scorcher (Zot:1)
  A demonspawn blood saint (Depths:4)
  A deep elf death mage (Vaults:5)
  A bloated husk (Swamp:4)
  A culicivora (Spider:1)
  3 humans (D:15)
  2 orcs (D:15)
  18 foxfires
  28 fungi
  31 plants
  6 starspawn tentacles (WizLab)
  7 withered plants
100 creatures vanquished.

Grand Total: 1837 creatures vanquished

Notes
Turn   | Place    | Note
-------+----------+-------------------------------------------
     0 | D:1      | altcumming the Octopode Artificer began the quest for the
                  | Orb.
     0 | D:1      | Reached XP level 1. HP: 13/13 MP: 1/1
   440 | D:1      | Reached XP level 2. HP: 14/18 MP: 2/2
   845 | D:1      | Reached XP level 3. HP: 23/24 MP: 3/3
  1996 | D:2      | Found Jewaen's Book Boutique.
  2190 | D:2      | Reached XP level 4. HP: 23/30 MP: 4/4
  2312 | D:2      | Found the +2 hat of the Bear Spirit {Spirit, *Rage Will++}
  2475 | D:2      | Found Hadoqid's Antique Armour Boutique.
  2974 | D:3      | Noticed Ijyb
  3025 | D:3      | Killed Ijyb
  3190 | D:3      | Reached XP level 5. HP: 36/36 MP: 3/5
  3929 | D:4      | Noticed a black bear
  3948 | D:4      | Killed a black bear
  3949 | D:4      | Reached XP level 6. HP: 36/43 MP: 3/6
  4097 | D:4      | Reached skill level 5 in Dodging
  4154 | D:4      | Found an ancient bone altar of Kikubaaqudgha.
  4394 | D:4      | Noticed Robin
  4401 | D:4      | Killed Robin
  4454 | D:4      | Reached skill level 5 in Fighting
  4454 | D:4      | Reached XP level 7. HP: 50/50 MP: 7/7
  5023 | D:5      | Entered Level 5 of the Dungeon
  5307 | D:5      | Noticed a yak
  5314 | D:5      | Killed a yak
  5596 | D:5      | Reached XP level 8. HP: 41/58 MP: 5/8
  5830 | D:5      | Found a staircase to the Ecumenical Temple.
  5841 | D:5      | Reached skill level 1 in Spellcasting
  5843 | Temple   | Entered the Ecumenical Temple
  6025 | Temple   | Became a worshipper of Ashenzari the Shackled
  6557 | D:5      | Learned a level 5 spell: Blade Hands
  6629 | D:5      | Reached skill level 1 in Transmutations
  7416 | D:6      | Noticed Maggie
  7487 | D:6      | Found Pymul's Book Boutique.
  7525 | D:6      | Found a glowing drain.
  7542 | Sewer    | Entered a sewer
  7601 | Sewer    | Reached XP level 9. HP: 63/63 MP: 13/13
  7720 | Sewer    | Identified the +0 helmet of the Sky {rPois rF+ rC+ SInv}
  7727 | Sewer    | Reached skill level 5 in Transmutations
  8006 | D:6      | Reached * piety under Ashenzari
  9398 | D:7      | Found Kywyfusch's Weapon Boutique.
  9613 | D:7      | Identified the ring of Odimounk {Will+ Int+6}
  9977 | D:8      | Found a snail-covered altar of Cheibriados.
 10041 | D:8      | Reached ** piety under Ashenzari
 10085 | D:8      | Reached skill level 1 in Unarmed Combat
 10372 | D:8      | Reached XP level 10. HP: 69/69 MP: 8/14
 10877 | D:9      | Found a runed translucent gate.
 10903 | D:9      | Found a runed translucent gate.
 10903 | D:9      | Found a runed translucent gate.
 10905 | D:9      | Noticed a glowing orange brain
 10905 | D:9      | Noticed a deep troll
 10905 | D:9      | a snapping turtle changed into a deep troll
 10909 | D:9      | Noticed a cyan ugly thing
 10910 | D:9      | Noticed a glowing shapeshifter
 10910 | D:9      | a deep troll changed into a glowing shapeshifter
 10911 | D:9      | Noticed a deep troll
 10911 | D:9      | a glowing shapeshifter changed into a deep troll
 10911 | D:9      | Noticed a purple ugly thing
 10911 | D:9      | Noticed a brown ugly thing
 10912 | D:9      | Noticed an orb spider
 10912 | D:9      | a deep troll changed into an orb spider
 10912 | D:9      | Noticed a white ugly thing
 10913 | D:9      | Noticed a lindwurm
 10913 | D:9      | an orb spider changed into a lindwurm
 10914 | D:9      | Noticed a shining eye
 10914 | D:9      | a lindwurm changed into a shining eye
 11058 | D:9      | Found a bloodstained altar of Trog.
 11410 | D:9      | Noticed a deep elf pyromancer
 11599 | D:9      | Killed a deep elf pyromancer
 11643 | D:9      | Reached skill level 5 in Unarmed Combat
 11665 | D:9      | Noticed a tengu warrior
 11670 | D:9      | Killed a tengu warrior
 11822 | D:9      | Noticed a seven-headed hydra
 11834 | D:9      | Noticed a gargoyle
 11834 | D:9      | Noticed a cyclops
 11857 | D:9      | Killed a cyclops
 11858 | D:9      | Reached XP level 11. HP: 77/78 MP: 13/15
 12211 | D:9      | Noticed a mana viper
 12212 | D:9      | a mana viper changed into a culicivora
 12230 | D:10     | Entered Level 10 of the Dungeon
 12309 | D:10     | Found a staircase to the Lair.
 12351 | D:10     | Reached *** piety under Ashenzari
 12544 | D:2      | Bought a book of the Earth for 468 gold pieces
 12551 | D:2      | Learned a level 6 spell: Statue Form
 12878 | D:10     | Noticed Fannar
 12893 | D:10     | Killed Fannar
 12894 | D:10     | Reached skill level 1 in Earth Magic
 13031 | D:10     | Found a sacrificial altar of Ru.
 13128 | D:10     | Identified the +1 ring mail of Shadows and Fog {rPois rF++
                  | Will-}
 13149 | D:10     | Found Ejoghu's Assorted Antiques.
 13157 | D:10     | Bought a scroll labelled LIRHICHOSHRI for 28 gold pieces
 13522 | D:11     | Noticed Grum
 13534 | D:11     | Killed Grum
 13723 | D:11     | Found a transporter.
 13737 | D:11     | Noticed Essalna's ghost (journeyman SpCj)
 13747 | D:11     | Found a transporter.
 13763 | D:11     | Noticed a boulder beetle
 13770 | D:11     | Killed a boulder beetle
 13969 | D:11     | Noticed a manticore
 14149 | D:11     | Found a staircase to the Orcish Mines.
 14249 | D:11     | Killed a manticore
 14447 | D:11     | Reached skill level 5 in Earth Magic
 14462 | D:11     | Killed Essalna's ghost
 14463 | D:11     | Reached XP level 12. HP: 75/90 MP: 11/18
 14468 | D:11     | Gained mutation: Your magical capacity is low. (-10% MP) [a
                  | neqoxec]
 14470 | D:11     | Gained mutation: You are frail. (-10% HP) [a neqoxec]
 14472 | D:11     | Gained mutation: You occasionally shout uncontrollably at
                  | your foes. [a neqoxec]
 14476 | D:11     | Lost mutation: You are frail. (-10% HP) [potion of
                  | mutation]
 14476 | D:11     | Lost mutation: Your magical capacity is low. (-10% MP)
                  | [potion of mutation]
 14476 | D:11     | Gained mutation: Your mind is acute. (Int +2) [potion of
                  | mutation]
 14476 | D:11     | Gained mutation: You sometimes lose the ability to read
                  | scrolls when taking damage. [potion of mutation]
 14485 | D:11     | Lost mutation: You occasionally shout uncontrollably at
                  | your foes. [potion of mutation]
 14485 | D:11     | Lost mutation: Your mind is acute. (Int +2) [potion of
                  | mutation]
 14485 | D:11     | Gained mutation: One of your tentacles bears a spike.
                  | [potion of mutation]
 14485 | D:11     | Gained mutation: You expend magic power (3 MP) to
                  | strengthen your wands. [potion of mutation]
 14575 | D:11     | Reached **** piety under Ashenzari
 14853 | Lair:1   | Entered Level 1 of the Lair of Beasts
 14990 | Lair:1   | Found a frozen archway.
 15000 | Lair:1   | Lost mutation: You expend magic power (3 MP) to strengthen
                  | your wands. [potion of mutation]
 15000 | Lair:1   | Lost mutation: You sometimes lose the ability to read
                  | scrolls when taking damage. [potion of mutation]
 15000 | Lair:1   | Lost mutation: One of your tentacles bears a spike. [potion
                  | of mutation]
 15000 | Lair:1   | Gained mutation: You have hidden genetic potential. [potion
                  | of mutation]
 15000 | Lair:1   | Gained mutation: Your flesh is cold resistant. (rC+)
                  | [potion of mutation]
 15000 | Lair:1   | Gained mutation: You are frail. (-10% HP) [potion of
                  | mutation]
 15000 | Lair:1   | Gained mutation: Your muscles are strong. (Str +2) [potion
                  | of mutation]
 15062 | IceCv    | Entered an ice cave
 15364 | IceCv    | Learned a level 5 spell: Lee's Rapid Deconstruction
 15598 | IceCv    | Reached skill level 10 in Earth Magic
 15935 | IceCv    | Reached skill level 5 in Spellcasting
 15977 | IceCv    | Noticed a quicksilver ooze
 15981 | IceCv    | Killed a quicksilver ooze
 16108 | IceCv    | Noticed an azure jelly
 16112 | IceCv    | Noticed an azure jelly
 16119 | IceCv    | Killed an azure jelly
 16120 | IceCv    | Reached skill level 1 in Shields
 16120 | IceCv    | Reached XP level 13. HP: 85/85 MP: 3/25
 16127 | IceCv    | Killed an azure jelly
 16133 | IceCv    | Found a viscous altar of Jiyva.
 16141 | IceCv    | Identified the +9 short sword "Tafam" {freeze, rC+ Will+
                  | rCorr Dex-2}
 16366 | Lair:1   | Gained mutation: You are partially covered in iridescent
                  | scales. (AC +2) [hidden potential]
 16442 | Lair:1   | Reached skill level 10 in Dodging
 17010 | Lair:2   | Reached skill level 10 in Unarmed Combat
 17106 | Lair:2   | Noticed Nergalle
 17113 | Lair:2   | Killed Nergalle
 17865 | Lair:3   | Found a hole to the Spider Nest.
 18225 | Lair:3   | Identified the cursed +2 buckler of the Astral Soothsayer
                  | {rPois, Cun, Comp} (You took it off a tengu warrior on
                  | level 9 of the Dungeon)
 18328 | Lair:4   | Noticed Amaemon
 18336 | Lair:4   | Killed Amaemon
 18439 | Lair:4   | Reached skill level 5 in Evocations
 18450 | Lair:4   | Found a staircase to the Swamp.
 18458 | Lair:4   | Reached skill level 10 in Fighting
 18463 | Lair:4   | Reached XP level 14. HP: 92/92 MP: 23/26
 19178 | Lair:5   | Found a staircase to the Slime Pits.
 19253 | Lair:2   | Reached ***** piety under Ashenzari
 19302 | Lair:6   | Entered Level 6 of the Lair of Beasts
 19345 | Lair:5   | Found a sacrificial altar of Ru.
 19568 | Lair:5   | Identified a scroll of acquirement
 19670 | Lair:5   | Identified the +6 long sword of Spite {antimagic, rF+ rN+
                  | Will+}
 19723 | Lair:5   | Gained mutation: Your muscles are very strong. (Str +4)
                  | [hidden potential]
 19723 | Lair:5   | Lost mutation: You have hidden genetic potential. [hidden
                  | potential expressed]
 20177 | Lair:6   | Found a large runed translucent door.
 20178 | Lair:6   | Found a large runed translucent door.
 20718 | Lair:6   | Reached skill level 5 in Shields
 21712 | D:9      | Reached XP level 15. HP: 99/99 MP: 21/27
 21725 | D:9      | Found a runed translucent gate.
 21725 | D:9      | Found a runed translucent gate.
 21729 | D:9      | Found a runed translucent gate.
 21732 | D:9      | Noticed BlueGoblin's ghost (novice SpMo)
 21753 | D:9      | Lost mutation: You are frail. (-10% HP) [potion of
                  | mutation]
 21753 | D:9      | Lost mutation: Your flesh is cold resistant. (rC+) [potion
                  | of mutation]
 21753 | D:9      | Gained mutation: You are dopey. (Int -2) [potion of
                  | mutation]
 21753 | D:9      | Gained mutation: One of your tentacles bears a spike.
                  | [potion of mutation]
 21753 | D:9      | Gained mutation: You possess an exceptional clarity of
                  | mind. [potion of mutation]
 22058 | D:12     | Noticed Nessos
 22467 | D:13     | Found a gate to the Vaults.
 22494 | D:13     | Found a runed translucent gate.
 22495 | D:13     | Found a runed translucent gate.
 22496 | D:13     | Found a runed translucent gate.
 22497 | D:13     | Noticed Inuschiwk's ghost (journeyman TrBe)
 22545 | D:13     | Noticed a tengu reaver
 22962 | D:14     | Found an iron altar of Okawaru.
 23401 | D:15     | Entered Level 15 of the Dungeon
 23401 | D:15     | Noticed Kirke
 23411 | D:15     | Killed Kirke
 23633 | D:15     | Found a staircase to the Depths.
 23647 | D:15     | Identified the +1 leather armour of Seoven {Str+3}
 23682 | D:15     | Noticed Roxanne
 23705 | D:15     | Killed Roxanne
 23722 | D:15     | Noticed Louise
 23726 | D:15     | Found an ornate altar of the Wu Jian Council.
 23745 | D:15     | Killed Louise
 23974 | Orc:1    | Entered Level 1 of the Orcish Mines
 24131 | Orc:2    | Entered Level 2 of the Orcish Mines
 24180 | Orc:1    | Reached XP level 16. HP: 120/120 MP: 19/28
 24334 | Orc:2    | Found Inuec's Antique Weapon Shoppe.
 24358 | Orc:2    | Found Femug's Jewellery Boutique.
 24363 | Orc:2    | Found Rizxul's Magic Scroll Emporium.
 24364 | Orc:2    | Found Peggaamu's Weapon Shoppe.
 24527 | Orc:2    | Noticed Jorgrun
 24533 | Orc:2    | Killed Jorgrun
 24780 | Orc:2    | Found a staircase to the Elven Halls.
 24875 | Orc:2    | Acquired the +1 hat of Xag Xea {rC+}
 24880 | Orc:2    | Bought a +4 ring of evasion for 504 gold pieces
 25140 | D:2      | Bought a book of Alchemy for 364 gold pieces
 25148 | D:2      | Learned a level 5 spell: Irradiate
 25401 | Spider:1 | Entered Level 1 of the Spider Nest
 25406 | Spider:1 | Reached skill level 1 in Conjurations
 25794 | Spider:1 | Found a runed translucent door.
 25958 | Spider:2 | Noticed Azrael
 25967 | Spider:2 | Killed Azrael
 27031 | Spider:3 | Reached skill level 1 in Hexes
 27078 | Spider:3 | Reached skill level 1 in Summonings
 27317 | Spider:4 | Entered Level 4 of the Spider Nest
 27317 | Spider:4 | Noticed Agnes
 27318 | Spider:4 | Noticed Bai Suzhen
 27324 | Spider:3 | Killed Agnes
 27325 | Spider:3 | Reached XP level 17. HP: 127/127 MP: 19/29
 27367 | Spider:3 | Killed Bai Suzhen
 27581 | Spider:4 | Identified the +4 hat "Ujux" {rPois}
 27994 | Spider:4 | Got a gossamer rune of Zot
 28396 | Swamp:1  | Entered Level 1 of the Swamp
 28589 | Swamp:1  | Noticed Mlioglotl
 28598 | Swamp:1  | Killed Mlioglotl
 28778 | Swamp:2  | Identified the +1 chain mail of Zaxt {rF+ SInv}
 29387 | Swamp:3  | Found a runed translucent gate.
 29387 | Swamp:3  | Found a runed translucent gate.
 29387 | Swamp:3  | Found a runed translucent gate.
 29396 | Swamp:3  | Noticed CrazyMind's ghost (adept DjGl)
 29398 | Swamp:3  | Noticed Beozetre's ghost (adept DrFE)
 29398 | Swamp:3  | Noticed Mandevil's ghost (adept HuAM)
 29435 | Swamp:3  | Acquired the +3 kite shield of Servitude {Rampage rF+ rC-}
 29516 | Swamp:3  | Reached skill level 5 in Hexes
 29700 | Swamp:3  | Identified the +1 halberd of the Several Brambles {vamp,
                  | Will+}
 29700 | Swamp:3  | Identified the +3 scale mail of Lanwaonk {Contam Will+
                  | Dex+3}
 29753 | Swamp:4  | Entered Level 4 of the Swamp
 29835 | Swamp:4  | Reached XP level 18. HP: 135/135 MP: 26/31
 30060 | Swamp:4  | Reached skill level 15 in Unarmed Combat
 30216 | Swamp:4  | Noticed the 27-headed Lernaean hydra
 30223 | Swamp:4  | Killed the 27-headed Lernaean hydra
 30297 | Swamp:4  | Got a decaying rune of Zot
 30573 | Vaults:1 | Entered Level 1 of the Vaults
 30688 | Vaults:1 | Found Nyesh's Assorted Antiques.
 30775 | Vaults:1 | Reached skill level 15 in Dodging
 30879 | Vaults:1 | Reached skill level 15 in Fighting
 30883 | Vaults:1 | Reached XP level 19. HP: 119/143 MP: 10/34
 31450 | Vaults:1 | Identified the +2 ring mail of the Tick {rPois rF++ Dex+2
                  | Stlth+}
 31540 | Vaults:1 | Found Unesuynt's Book Boutique.
 31683 | Vaults:2 | Reached skill level 10 in Shields
 31954 | Vaults:2 | Found an ancient bone altar of Kikubaaqudgha.
 31959 | Vaults:2 | Found a staircase to the Crypt.
 31959 | Vaults:2 | Found a basalt altar of Yredelemnul.
 33054 | Vaults:3 | Reached XP level 20. HP: 151/151 MP: 30/35
 33912 | Vaults:4 | Found a magical portal.
 33920 | WizLab   | Entered Lehudib's Moon Base
 33957 | WizLab   | Found a transporter.
 33957 | WizLab   | Identified the +8 halberd "Quwairaaf" {vorpal, Fly rElec}
 33957 | WizLab   | Identified the ring "Idyrghuph" {rF+ Int+3 SInv}
 34038 | WizLab   | Gained mutation: You are frail. (-10% HP) [a neqoxec]
 34084 | WizLab   | Lost mutation: You possess an exceptional clarity of mind.
                  | [a cacodemon]
 34268 | WizLab   | Paralysed by accursed screaming for 1 turns
 34397 | WizLab   | Identified the +2 helmet "Xeucinuf" {Rampage +Blink}
 34401 | WizLab   | Found a transporter.
 34458 | WizLab   | Identified the +0 helmet "Vauwat" {Str+4 Int+3}
 34599 | WizLab   | Reached skill level 10 in Transmutations
 34608 | WizLab   | Reached XP level 21. HP: 144/144 MP: 20/36
 34666 | Vaults:4 | Lost mutation: You are dopey. (Int -2) [potion of mutation]
 34666 | Vaults:4 | Lost mutation: Your muscles are very strong. (Str +4)
                  | [potion of mutation]
 34666 | Vaults:4 | Lost mutation: One of your tentacles bears a spike. [potion
                  | of mutation]
 34666 | Vaults:4 | Gained mutation: You have hidden genetic potential. [potion
                  | of mutation]
 35588 | Vaults:5 | Entered Level 5 of the Vaults
 35628 | Vaults:5 | Identified the +5 morningstar of Exchange {spect, rC+
                  | Will+}
 35780 | Vaults:5 | Noticed a dread lich
 35784 | Vaults:5 | Killed a dread lich
 36136 | Vaults:5 | Identified the amulet "Joacan" {Spirit Harm Will+ Stlth+}
 36232 | Vaults:5 | Identified the ring "Maodis" {Wiz Fly Will+ Int+2 Dex-2}
 36282 | Vaults:5 | Got a silver rune of Zot
 36342 | Vaults:5 | Noticed a dread lich
 36349 | Vaults:5 | Killed a dread lich
 36350 | Vaults:5 | Reached XP level 22. HP: 152/152 MP: 32/37
 36376 | Vaults:5 | Gained mutation: Your spells are a little harder to cast,
                  | but a little more powerful. [hidden potential]
 36379 | Vaults:5 | Noticed a golden dragon
 36381 | Vaults:5 | Noticed an ancient lich
 36386 | Vaults:5 | Killed an ancient lich
 36393 | Vaults:5 | Killed a golden dragon
 36486 | Vaults:5 | Noticed a golden dragon
 36492 | Vaults:5 | Killed a golden dragon
 36496 | Vaults:5 | Noticed a dread lich
 36502 | Vaults:5 | Killed a dread lich
 36519 | Vaults:5 | Identified the +9 fustibalus of Alumaosm {speed, rN+ Will-
                  | Stlth+}
 36519 | Vaults:5 | Identified the +4 halberd "Gaepyirph" {vamp, rN+}
 36597 | Vaults:5 | Identified the +0 helmet "Ecrexydgh" {Harm rF+ Int+2 Dex-4}
 36925 | Vaults:5 | Noticed a golden dragon
 36932 | Vaults:5 | Killed a golden dragon
 37396 | Depths:1 | Entered Level 1 of the Depths
 37463 | Depths:1 | Found a flickering gateway to a bazaar.
 37478 | Bazaar   | Entered a bazaar
 37478 | Bazaar   | Found Ecytz's Antique Armour Boutique.
 37478 | Bazaar   | Found Qud Ymyl's Weapon Boutique.
 37502 | Bazaar   | Found Kidoc's Jewellery Shop.
 37547 | Bazaar   | Found Behiar's Book Boutique.
 37555 | Bazaar   | Bought a book of Spatial Translocations for 312 gold pieces
 37788 | Depths:1 | Found a gateway to Hell.
 37813 | Depths:1 | Learned a level 5 spell: Summon Mana Viper
 37821 | Depths:1 | Learned a level 7 spell: Dragon Form
 37954 | Depths:1 | Found a runed translucent door.
 37957 | Depths:1 | Found a runed translucent door.
 38045 | Depths:2 | Reached XP level 23. HP: 160/160 MP: 34/39
 38123 | Depths:2 | Reached skill level 10 in Spellcasting
 38145 | Depths:2 | Found a one-way gateway to a ziggurat.
 38145 | Depths:2 | Found a one-way gate leading to the halls of Pandemonium.
 38262 | Depths:2 | Gained mutation: Your flesh is cold resistant. (rC+)
                  | [hidden potential]
 38262 | Depths:2 | Lost mutation: You have hidden genetic potential. [hidden
                  | potential expressed]
 38265 | Depths:2 | Noticed a juggernaut
 38333 | Depths:4 | Entered Level 4 of the Depths
 38756 | Depths:4 | Noticed a golden dragon
 38843 | Depths:4 | Killed a golden dragon
 39089 | Depths:4 | Found a runed translucent door.
 39089 | Depths:4 | Found a runed translucent door.
 39183 | Depths:4 | Found a runed translucent door.
 39187 | Depths:4 | Found a runed translucent door.
 39280 | Depths:4 | Found a runed translucent door.
 39284 | Depths:4 | Found a runed translucent door.
 39318 | Depths:4 | Found a gate to the Realm of Zot.
 39327 | Zot:1    | Entered Level 1 of the Realm of Zot
 39495 | Zot:1    | Reached XP level 24. HP: 151/169 MP: 18/40
 39538 | Zot:2    | Noticed a curse toe
 39556 | Zot:2    | Killed a curse toe
 39862 | Zot:5    | Entered Level 5 of the Realm of Zot
 39903 | Zot:5    | Noticed a Killer Klown
 39911 | Zot:5    | Killed a Killer Klown
 40023 | Zot:5    | Found a runed translucent gate.
 40023 | Zot:5    | Noticed a curse toe
 40024 | Zot:5    | Found a runed translucent gate.
 40024 | Zot:5    | Noticed Adaxemni's ghost (legendary GrFi)
 40024 | Zot:5    | Noticed a curse toe
 40024 | Zot:5    | Identified the ring of Ugaaps {Wiz Dex+5 Stlth-}
 40031 | Zot:5    | Killed a curse toe
 40034 | Zot:5    | Found a runed translucent gate.
 40265 | Zot:5    | Noticed an ancient lich
 40274 | Zot:5    | Noticed a Killer Klown
 40276 | Zot:5    | Killed an ancient lich
 40279 | Zot:5    | Noticed a Killer Klown
 40280 | Zot:5    | Killed a Killer Klown
 40288 | Zot:5    | Noticed a Killer Klown
 40290 | Zot:5    | Noticed a Killer Klown
 40293 | Zot:5    | Noticed an orb of fire
 40294 | Zot:5    | Killed a Killer Klown
 40296 | Zot:5    | Noticed an orb of fire
 40300 | Zot:5    | Killed a Killer Klown
 40302 | Zot:5    | Gained mutation: You sometimes lose the ability to read
                  | scrolls when taking damage. [an orb of fire]
 40302 | Zot:5    | Gained mutation: You are very frail. (-20% HP) [an orb of
                  | fire]
 40304 | Zot:5    | Gained mutation: Your magical capacity is low. (-10% MP)
                  | [an orb of fire]
 40304 | Zot:5    | Noticed a Killer Klown
 40310 | Zot:5    | Killed an orb of fire
 40316 | Zot:5    | Killed an orb of fire
 40331 | Zot:5    | Killed a Killer Klown
 40360 | Zot:5    | Killed a Killer Klown
 40460 | Zot:5    | Lost mutation: Your flesh is cold resistant. (rC+) [potion
                  | of mutation]
 40460 | Zot:5    | Lost mutation: Your muscles are strong. (Str +2) [potion of
                  | mutation]
 40460 | Zot:5    | Lost mutation: You are very frail. (-20% HP) [potion of
                  | mutation]
 40460 | Zot:5    | Gained mutation: You are strong-willed. (Will+) [potion of
                  | mutation]
 40460 | Zot:5    | Gained mutation: You expend magic power (3 MP) to
                  | strengthen your wands. [potion of mutation]
 40460 | Zot:5    | Gained mutation: Your natural rate of healing is unusually
                  | fast. [potion of mutation]
 40460 | Zot:5    | Gained mutation: One of your tentacles bears a spike.
                  | [potion of mutation]
 40461 | Zot:5    | Lost mutation: You sometimes lose the ability to read
                  | scrolls when taking damage. [potion of mutation]
 40461 | Zot:5    | Lost mutation: Your natural rate of healing is unusually
                  | fast. [potion of mutation]
 40461 | Zot:5    | Lost mutation: Your magical capacity is low. (-10% MP)
                  | [potion of mutation]
 40461 | Zot:5    | Gained mutation: You have an increased reservoir of magic.
                  | (+10% MP) [potion of mutation]
 40461 | Zot:5    | Gained mutation: You are weak. (Str -2) [potion of
                  | mutation]
 40496 | Zot:5    | Found the +1 robe of Vines {NoPotionHeal Regen++++}
 40550 | Zot:5    | Reached XP level 25. HP: 177/177 MP: 40/44
 40554 | Zot:5    | Learned a level 1 spell: Apportation
 40559 | Zot:5    | Got the Orb of Zot
 41422 | D:1      | gg
 41423 | D:$      | Escaped with the Orb!

Illustrated notes

♣♣♣♣ ♣♣♣♣♣♣♣♣♣♣♣♣♣♣♣
♣≈≈♣♣♣♣♣♣P♣.P♣♣♣♣♣♣♣
♣≈≈≈♣♣♣....♣..P...♣♣
≈≈≈♣♣♣.♣.♣♣♣♣♣..@..♣♣
≈♣♣♣♣♣♣.♣♣♣♣♣♣......♣
♣♣ ♣♣♣[♣♣♣♣♣♣.♣..♣♣♣
♣♣♣♣♣.♣♣♣♣♣♣..♣♣♣
♣♣♣♣♣♣♣♣♣.♣♣♣ ♣♣.♣♣
♣♣♣♣♣♣♣♣..♣♣♣ ♣..♣
♣♣♣♣♣♣..♣♣♣♣♣ ♣♣.♣
♣♣♣♣♣.♣♣♣♣♣♣♣ ♣.♣
.♣♣♣.♣♣♣♣♣♣♣ ♣♣♣.♣


Turn 41422 on D:1: gg

Levels and vault maps discovered:
D:1:      kilobyte_arrival_exit_the_forest, layout_loops_cross,
          minmay_small_reverse_x
D:2:      layout_loops_ring, serial_shops, shop, nicolae_shop_hallway_stairs
D:3:      layout_basic, uniq_ijyb
D:4:      layout_loops_corners, kiku_gazebo_garden_becter, uniq_robin
D:5:      minmay_spotlight, layout_basic, minmay_temple_entry_glass
D:6:      layout_layer_cave, serial_shops, shop_statue,
          cheibrodos_sewer_entry_bend, uniq_maggie
D:7:      layout_loops_ring, serial_shops, nicolae_shop_behind_doors,
          minmay_misc_feat_plants, grunt_ministairs_4
D:8:      layout_basic, lemuel_crystal_altar, serial_corexii_hall,
          chequers_hall_statues_y, corexii_hall_statues_u,
          chequers_hall_statues_corner_a
D:9:      layout_loops_ring, lemuel_round_altar,
          ploomutoo_gammafunk_ghost_potion_laboratory, minmay_pinched_square
D:10:     layout_basic, nicolae_ru_path_of_blood, dpeg_oklobed_lair,
          serial_shops, shop, nicolae_straight_to_the_point, uniq_fannar
D:11:     layout_irregular_city, david_orc_4, gammafunk_ghost_stat_death,
          uniq_grum
D:12:     layout_basic, uniq_nessos, uniq_snorg
D:13:     layout_rooms, erik_vaults_1, gammafunk_ghost_split
D:14:     layout_irregular_city, okawaru_ov_weapons_minmay, item_on_display_a
D:15:     grunt_enter_depths_giant_problem, layout_rooms,
          nicolae_wu_jian_wuxing_cycle, uniq_roxanne, uniq_louise, uniq_kirke
Temple:   hc_temple_tempest_star
Lair:1:   layout_cave_pods, portal_ice_cave_rime
Lair:2:   layout_roguey, uniq_nergalle
Lair:3:   layout_chaotic_city, spider_nest_entry_a,
          nicolae_quartered_pool_medium, serial_bayou_shore_b,
          infiniplex_staircase_pool, serial_bayou_shore_a
Lair:4:   wad_woods_structure_01, layout_gridlike,
          nicolae_swamp_entry_splash_gauntlet, uniq_amaemon
Lair:5:   layout_layer_cave, minmay_slime_entry_oklob_open, basic_altar,
          minmay_stone_trees_large
Lair:6:   cheibrodos_lair_end_hotspot, layout_layer_cave, st_stairs_11
Swamp:1:  layout_falls_marsh, evilmike_swamp_ruin_house_2,
          infiniplex_staircase_pool_2, uniq_mlioglotl
Swamp:2:  layout_falls_marsh, nicolae_swamp_very_dense_foliage, swamp_pool4,
          nicolae_swamp_oxbows
Swamp:3:  layout_falls_marsh, gammafunk_ghost_cemetery,
          evilmike_swamp_ruin_rubble_2, swamp_pool1
Swamp:4:  swamp_vile, layout_basic_swamp, swamp_pool3
Spider:1: cheibrodos_spider_deadly_dance
Spider:2: layout_chambers, uniq_azrael
Spider:3: layout_spider_delve
Spider:4: spider_rune_water, hellmonk_motheaten_closet, uniq_agnes,
          uniq_bai_suzhen
Orc:1:    layout_caves
Orc:2:    st_orc_open, layout_caves, nicolae_orc_rockfall, abandoned_shop,
          nicolae_orc_pool_cavern, uniq_jorgrun
Vaults:1: grunt_vaults_hallway_long, st_lattice, nicolae_vaults_network_s,
          v_misc_25, vaults_room_boxed, v_misc_17, nicolae_vaults_what_the_h,
          hangedman_vaults_stitches, ontoclasm_vaults_chip, vaults_dpeg_spiral,
          nicolae_vaults_alarming, layout_vaults_ring, serial_shops,
          nicolae_shop_waterfront, nicolae_shop_advertising_works
          [nicolae_subvault_shop_adworks]
Vaults:2: minmay_crypt_entry_necro_gods,
          vaults_standard_mumra_enter_the_diamond, v_pattern_1, v_misc_24,
          nicolae_vaults_network_quinsquares
          [nicolae_vaults_network_quincunx_subvault,
          nicolae_vaults_network_quincunx_subvault,
          nicolae_vaults_network_quincunx_subvault,
          nicolae_vaults_network_quincunx_subvault], nicolae_vaults_triangles,
          v_misc_2, grunt_vaults_swirl, layout_vaults_omnigrid
Vaults:3: v_misc_5, grunt_vaults_trifunnel, v_misc_30, vaults_mumra_minichess,
          st_smaller_cells, v_alt_pattern_4, nicolae_vaults_border_crossing,
          vaults_mumra_hex, vaults_room_door_ring, vaults_room_pools,
          nicolae_vaults_rhombus_5, layout_vaults_omnibox
Vaults:4: mu_enter_wizlab_2, hangedman_vaults_stream, hangedman_vaults_slice,
          ontoclasm_vaults_hangar, nicolae_vaults_little_squares_3,
          v_alt_pattern_3, vaults_dpeg_ring, nicolae_vaults_big_ls,
          nicolae_vaults_murderbox, grunt_vaults_hallway_long,
          nicolae_vaults_little_squares_1, layout_vaults_big_room
Vaults:5: serial_shops
Depths:1: layout_gridlike, muffindrake_ghost_dual_entry, serial_shops,
          bzr_entry_islet, pf_hell_entry_tar_river, grunt_pan_entry_spiral,
          nooodl_orcs_dogs
Depths:2: hangedman_slaughterboxes, hell_entry, pan_entry, serial_shops
Depths:3: minmay_gate_of_8, layout_cave_pools, grunt_hell_entry_demonic_statue,
          grunt_decor_clamped, rand_demon_pan_entry_7, abyss_entry,
          minmay_staircase_bubble
Depths:4: evilmike_zot_entry_castle, layout_basic, hell_entry,
          serial_sigils_hangedman_shear, grunt_ministairs_2
Zot:1:    kennysheep_bubbly, layout_misc_corridors, grunt_ministairs_6
Zot:2:    layout_misc_corridors, bh_zot_ikea_curve
Zot:3:    layout_onion_interference
Zot:4:    layout_onion_interference
Zot:5:    layout_concentric_octagons, gammafunk_ghost_split

Skill      XL: |  1  2  3  4  5  6  7  8  9 10 11 12 13 14 15 16 17 18 19 20 21 22 23 24 25 |
---------------+----------------------------------------------------------------------------+-----
Fighting       | 2 3 4 5 6 8 9 10 12 13 14 15 16 17 18 19 20 21 | 21.3
Dodging        | 3 4 5 6 8 9 10 11 12 13 14 15 16 17 18 19 20 | 20.7
Spellcasting   | 3 6 7 9 10 | 10.7
Evocations     | 4 5 8 |  8.0
Transmutations | 4 8 10 11 12 13 | 13.6
Unarmed Combat | 2 6 8 11 13 14 15 16 17 18 19 21 | 21.0
Earth Magic    | 5 10 11 | 11.7
Shields        | 1 3 5 7 9 13 14 | 14.8
Conjurations   | 4 |  4.7
Hexes          | 1 5 |  5.6
Summonings     | 1 3 |  3.9
Stealth        | |  1.3

Action                   |  1- 3 |  4- 6 |  7- 9 | 10-12 | 13-15 | 16-18 | 19-21 | 22-24 | 25-27 || total
-------------------------+-------+-------+-------+-------+-------+-------+-------+-------+-------++-------
Melee: Club              |    27 |       |       |       |       |       |       |       |       ||    27
       Constrict         |    21 |    21 |    77 |    48 |   100 |   142 |   131 |   123 |     4 ||   667
       Tentacles         |    18 |    22 |    79 |   103 |   170 |   191 |   308 |   283 |    32 ||  1206
       Whip              |    58 |     8 |       |       |       |       |       |       |       ||    66
       Punch             |     1 |       |     6 |    21 |    84 |   131 |   190 |   215 |    29 ||   677
       Rapier            |       |    79 |   318 |     1 |       |       |       |       |       ||   398
       Flail             |       |     3 |       |       |       |       |       |       |       ||     3
       Unarmed           |       |       |     1 |   317 |   618 |   801 |   877 |   863 |    86 ||  3563
       Kick              |       |       |       |    10 |    78 |   364 |   331 |    13 |    59 ||   855
       Tailslap          |       |       |       |       |       |       |       |    22 |       ||    22
       Bite              |       |       |       |       |       |       |       |    17 |       ||    17
 Cast: Blade Hands       |       |       |     1 |    33 |     2 |       |       |       |       ||    36
       Lee's Rapid Decon |       |       |       |    13 |       |       |       |       |       ||    13
       Statue Form       |       |       |       |    11 |    79 |    80 |    68 |    60 |    10 ||   308
       Irradiate         |       |       |       |       |       |     8 |     6 |    11 |       ||    25
       Dragon Form       |       |       |       |       |       |       |       |     3 |       ||     3
       Summon Mana Viper |       |       |       |       |       |       |       |     2 |       ||     2
       Apportation       |       |       |       |       |       |       |       |       |     2 ||     2
Invok: Curse Item        |       |       |     4 |     4 |     4 |     3 |     3 |       |       ||    18
       Shatter the Chain |       |       |       |     1 |     2 |     4 |       |       |       ||     7
 Abil: End Transformatio |       |       |       |     1 |     1 |       |       |       |    11 ||    13
Evoke: Wand              |     5 |     4 |     2 |     9 |       |    11 |       |       |     1 ||    32
       Condenser vane    |       |       |       |     1 |       |     1 |       |       |       ||     2
       Box of beasts     |       |       |       |       |       |       |       |     1 |       ||     1
  Use: Scroll            |       |       |    11 |     5 |       |     3 |     1 |     7 |     2 ||    29
       Potion            |       |       |       |     4 |     2 |       |     4 |     5 |     7 ||    22
 Stab: Sleeping          |     7 |     3 |    18 |     1 |    14 |    11 |    16 |     5 |       ||    75
       Distracted        |       |       |       |     1 |     1 |     1 |     2 |     5 |       ||    10
       Betrayed ally     |       |       |       |     2 |       |       |       |       |       ||     2
       Invisible         |       |       |       |       |       |       |     2 |       |       ||     2
       Confused          |       |       |       |       |       |       |       |     2 |       ||     2
Armor: Skin              |    12 |    12 |    42 |    84 |   201 |   252 |   106 |    88 |     7 ||   804
Dodge: Dodged            |    64 |    60 |   243 |   293 |   875 |  1534 |   790 |   843 |    41 ||  4743
Block: Buckler           |       |       |       |     2 |   417 |   456 |       |       |       ||   875
       Kite shield       |       |       |       |       |       |   324 |   839 |   804 |    49 ||  2016

Table legend: (Time is in decaauts)
 A = Elapsed time spent in this place.
 B = Non-inter-level travel time spent in this place.
 C = Inter-level travel time spent in this place.
 D = Time resting spent in this place.
 E = Time spent auto-exploring this place.
 F = Levels seen in this place.
 G = Mean time per level.
                   A        B        C        D        E       F      G
               +--------+--------+--------+--------+--------+-----+--------+
         Total |  47735 |  43610 |   4125 |   6425 |  24132 |  50 |  954.7 |
       Dungeon |  18396 |  16198 |   2198 |   3951 |   8514 |  15 | 1226.4 |
        Temple |    398 |    353 |     45 |     22 |    293 |   1 |  398.0 |
          Lair |   7017 |   6182 |    835 |    133 |   4741 |   6 | 1169.5 |
         Swamp |   2840 |   2697 |    143 |     90 |   1739 |   4 |  710.0 |
   Spider Nest |   3534 |   3364 |    170 |    488 |   1826 |   4 |  883.5 |
  Orcish Mines |   1144 |   1095 |     49 |    143 |    649 |   2 |  572.0 |
        Vaults |   7418 |   7002 |    416 |    373 |   4101 |   5 | 1483.6 |
        Depths |   2594 |   2396 |    198 |     74 |   1176 |   4 |  648.5 |
           Zot |   1501 |   1433 |     68 |    239 |    350 |   5 |  300.2 |
        Bazaar |    130 |    130 |      0 |      0 |     81 |   1 |  130.0 |
         Sewer |    430 |    430 |      0 |    225 |     52 |   1 |  430.0 |
      Ice Cave |   1396 |   1396 |      0 |    668 |     79 |   1 | 1396.0 |
        Wizlab |    930 |    930 |      0 |     18 |    527 |   1 |  930.0 |
               +--------+--------+--------+--------+--------+-----+--------+

Top non-repeatable levels by time:
     D:1: 2005 daAuts
Vaults:5: 1981 daAuts
  Lair:6: 1840 daAuts
     D:4: 1836 daAuts
     D:6: 1618 daAuts
     D:9: 1612 daAuts
Vaults:2: 1502 daAuts
Vaults:1: 1437 daAuts
     D:5: 1403 daAuts
   IceCv: 1396 daAuts
Depths:4: 1378 daAuts
    D:11: 1335 daAuts
Vaults:4: 1325 daAuts
  Lair:4: 1297 daAuts
    D:10: 1223 daAuts
